 Dungeon Crawl Stone Soup version 0.26-b1-32-g5d43845318 (webtiles) character file.

Game seed: 7963087824585383496

159 Subaru the Ruffian (level 5, -2/42 HPs)
             Began as a Draconian Transmuter on Jan 9, 2021.
             Was a Follower of the Shining One.
             Killed by divine providence
             ... invoked by an orc priest
              (17 damage)
             ... on level 4 of the Dungeon.
             The game lasted 00:23:50 (3210 turns).

Subaru the Ruffian (Draconian Transmuter)           Turns: 3210, Time: 00:23:50

Health: -2/42      AC:  5    Str: 13    XL:     5   Next: 17%
Magic:  8/8        EV: 12    Int: 13    God:    the Shining One [*.....]
Gold:   166        SH:  5    Dex: 12    Spells: 5/8 levels left

rFire    . . .     SeeInvis .     - Unarmed
rCold    . . .     Faith    .   (no shield)
rNeg     . . .     Spirit   .   (armour unavailable)
rPois    .         Reflect  +   (helmet restricted)
rElec    .         Harm     .   (no cloak)
rCorr    .         Rampage  .   (no gloves)
Will     .....                  (no boots)
Stlth    +.........             h - amulet of reflection
HPRegen  0.14/turn              (no ring)
MPRegen  0.11/turn              (no ring)

@: about to teleport, glowing
A: unfitting armour, cold-blooded, AC +5
a: Renounce Religion


You were on level 4 of the Dungeon.
You worshipped the Shining One.
The Shining One was aware of your devotion.
You visited 1 branch of the dungeon, and saw 4 of its levels.

You collected 166 gold pieces.

Inventory:

Hand Weapons
 d - a +0 short sword
Armour
 c - a +0 robe
 e - a +0 robe
 j - a +0 scale mail
 k - a +0 robe
Jewellery
 h - an amulet of reflection (around neck)
Scrolls
 b - a scroll of blinking {unknown}
 g - 3 scrolls of identify
 i - 2 scrolls of remove curse {unknown}
 l - a scroll of fog {unknown}
Potions
 f - 2 potions of haste {unknown}


   Skills:
 * Level 2.5 Fighting
 - Level 2.2 Dodging
 - Level 0.5 Stealth
 + Level 0.5 Shields
 + Level 4.5 Unarmed Combat
 * Level 2.3 Spellcasting
 * Level 2.5 Transmutations


You had 5 spell levels left.
You knew the following spells:

 Your Spells              Type           Power        Failure   Level
a - Beastly Appendage     Tmut           16%          9%          1
b - Wereblood             Tmut           8%           13%         2

Your spell library contained the following spells:

 Spells                   Type           Power        Failure   Level
 Spider Form              Tmut/Pois      2%           41%         3
 Ice Form                 Ice/Tmut       4%           82%         4
 Blade Hands              Tmut           4%           94%         5


Dungeon Overview and Level Annotations

Branches:
Dungeon (4/15)
 Temple: D:4-7

Altars:
Dithmenos
Gozag
Kikubaaqudgha
Zin
The Shining One

Annotations:
D:3 1 runed translucent door, Crazy Yiuf


Innate Abilities, Weirdness & Mutations

Your plain brown scales are hard. (AC +5)
You cannot fit into any form of body armour.
You are cold-blooded and may be slowed by cold attacks.


Message History

The phantom blinks!
The phantom hits you.
The phantom blinks!
As you read the scroll of teleportation, it crumbles to dust.
You feel strangely unstable. The phantom completely misses you.
Your surroundings suddenly seem different.
An orc comes into view. It is wielding a +0 short sword.
The orc shouts!
An orc comes into view. It is wielding a +0 hand axe.
The orc shouts!
An orc comes into view. It is wielding a +0 club.
The orc shouts!
You hear a bark!
An orc priest comes into view. It is wielding a +0 war axe. x2
Found a scroll of identify.
As you read the scroll of teleportation, it crumbles to dust.
You feel strangely unstable.
The orc priest shouts!
You hear a bark!
A jackal comes into view.
The orc priest calls down the wrath of Beogh upon you.
Beogh smites you!
You die...

. .# #.#...# .#
#.#...# .#
#...... ..
###.....# # .
.......#.# ..
#.##.#...#.###.#
..)
...o............
### #...o.o.@.?#
#w# #.#.#....#.#
### o..o.#....#
..# h...#....###
..# ?..#.##.#.#
... .?.).##.#.#
##. #...##.#.# #
#...##.#.. #
#.###...##.####


You could see 2 orc priests and 3 orcs.

Vanquished Creatures
  A hound (D:4)
  A worker ant (D:2)
  A hound skeleton (D:3)
  A gnoll (D:2)
  An adder (D:3)
  3 worms
  2 leopard geckos
  6 orcs
  5 giant cockroaches
  5 goblins
  7 hobgoblins
  3 jackals (D:3)
  A quokka (D:2)
  5 bats
  3 frilled lizards
  6 kobolds
  7 rats
58 creatures vanquished.

Vanquished Creatures (others)
  4 plants (D:3)
4 creatures vanquished.

Grand Total: 62 creatures vanquished

Notes
Turn   | Place    | Note
-------+----------+-------------------------------------------
     0 | D:1      | Subaru the Draconian Transmuter began the quest for the
                  | Orb.
     0 | D:1      | Reached XP level 1. HP: 16/16 MP: 3/3
   374 | D:1      | Reached XP level 2. HP: 21/23 MP: 5/5
  1106 | D:2      | Found an ancient bone altar of Kikubaaqudgha.
  1114 | D:2      | Found a shadowy altar of Dithmenos.
  1114 | D:2      | Found a glowing golden altar of the Shining One.
  1118 | D:2      | Found a glowing silver altar of Zin.
  1159 | D:2      | Became a worshipper of the Shining One
  1268 | D:2      | Found an opulent altar of Gozag.
  1286 | D:2      | Reached XP level 3. HP: 28/28 MP: 6/6
  1672 | D:2      | Reached skill level 4 in Unarmed Combat
  1672 | D:2      | Reached XP level 4. HP: 27/36 MP: 5/7
  2210 | D:3      | Learned a level 2 spell: Wereblood
  2567 | D:3      | Found a runed translucent door.
  2568 | D:3      | Noticed Crazy Yiuf
  3092 | D:4      | Noticed a torpor snail
  3144 | D:4      | Reached * piety under the Shining One
  3148 | D:4      | Reached XP level 5. HP: 40/42 MP: 8/8
  3170 | D:4      | Noticed a phantom
  3210 | D:4      | Killed from afar by an orc priest

Illustrated notes

Levels and vault maps discovered:
D:1:      moated_graveyard_arrival, layout_basic
D:2:      layout_basic, lemuel_round_altar, grunt_temple_overflow_open,
          kennysheep_generic_room_11
D:3:      cheibrodos_old_hovel, layout_basic, uniq_crazy_yiuf_cottage
D:4:      layout_loops_ring, cheibriados_altar_2,
          nicolae_overflow_hidden_temple, uniq_pikel

Skill      XL: |  1  2  3 |
---------------+----------+-----
Dodging        | 2 |  2.2
Fighting       | 2 |  2.5
Unarmed Combat | 4 |  4.5
Stealth        | |  0.5
Shields        | |  0.5
Spellcasting   | |  2.3
Transmutations | |  2.5

Action                   |  1- 3 |  4- 6 || total
-------------------------+-------+-------++-------
Melee: Unarmed           |   116 |   116 ||   232
       Tailslap          |    13 |    10 ||    23
       Headbutt          |     3 |     3 ||     6
       Kick              |     2 |     2 ||     4
       Punch             |       |     2 ||     2
 Cast: Beastly Appendage |     2 |     3 ||     5
  Use: Scroll            |     5 |     2 ||     7
       Potion            |     3 |     1 ||     4
Armor: Skin              |    29 |    19 ||    48
Dodge: Dodged            |    84 |    44 ||   128
Block: Other             |    18 |    23 ||    41
       Reflection        |       |     1 ||     1
